 Dungeon Crawl Stone Soup version 0.27.0-1-g7a089689b8 (webtiles) character file.

Game seed: 1274406454561303673

70 Naeght the Poker (level 4, 0/30 (34) HPs)
             Began as a Merfolk Gladiator on Aug 17, 2021.
             Slain by a necrophage (5 damage)
             ... on level 3 of the Dungeon.
             The game lasted 00:03:15 (2460 turns).

Naeght the Poker (Merfolk Gladiator)                Turns: 2460, Time: 00:03:15

HP:   0/30 (34)     AC:  3    Str: 14    XL:     4   Next: 22%
MP:   4/4           EV: 13    Int:  7    God:
Gold: 86            SH:  0    Dex: 16    Spells: 3/3 levels left

rFire    . . .     SeeInvis .   f - +0 spear
rCold    . . .     Faith    .   (no shield)
rNeg     . . .     Spirit   .   b - +0 leather armour
rPois    .         Reflect  .   (no helmet)
rElec    .         Harm     .   (no cloak)
rCorr    .         Rampage  .   (no gloves)
Will     .....                  (no boots)
Stlth    +.........             (no amulet)
HPRegen  0.10/turn              (no ring)
MPRegen  0.09/turn              (no ring)

@: heavily drained
A: (nimble swimmer 2), mertail
a: no special abilities


You were on level 3 of the Dungeon.
You visited 1 branch of the dungeon, and saw 3 of its levels.

You collected 86 gold pieces.

Inventory:

Hand Weapons
 a - a +0 trident
 f - a +0 spear (weapon)
Missiles
 d - a throwing net (quivered)
Armour
 b - a +0 leather armour (worn)
 j - a +1 hat
Jewellery
 h - a ring of ice
Wands
 m - a wand of paralysis (6)
Scrolls
 c - a scroll of noise {unknown}
 g - a scroll of enchant weapon {unknown}
 i - 2 scrolls of immolation {unknown}
 l - a scroll of magic mapping {unknown}
 n - a scroll of fog {unknown}
Potions
 e - a potion of invisibility {unknown}
 k - a potion of resistance {unknown}


   Skills:
 + Level 2.9 Fighting
 * Level 6.0 Polearms
 - Level 2.0 Throwing
 + Level 4.8 Dodging


You had 3 spell levels left.
You didn't know any spells.
Your spell library contained the following spells:

 Spells                   Type           Power      Damage    Failure   Level
 Magic Dart               Conj           0%         1d3       52%         1
 Call Imp                 Summ           0%         N/A       65%         2
 Mephitic Cloud           Conj/Pois/Air  0%         N/A       87%         3


Dungeon Overview and Level Annotations

Branches:
Dungeon (3/15)

Altars:
Qazlal

Shops:
D:1 (


Innate Abilities, Weirdness & Mutations

((You are quick and stealthy near water. (Stealth+, EV+, Speed+++)))
Your lower body shifts to a powerful aquatic tail in water.


Message History

Press: ? - help, Q - select action, (/) - cycle Shift-Dir - straight line, f/p - necrophage
Aim: a necrophage (moderately damaged, 62% to hit)
You throw a throwing net. The throwing net hits the necrophage.
The necrophage is caught in the net!
The necrophage is moderately damaged.
The necrophage struggles against the net.
You hit the necrophage.
The necrophage is moderately damaged.
The necrophage struggles against the net.
You hit the necrophage.
The necrophage is heavily damaged.
You hit the necrophage.
The necrophage is heavily damaged.
The necrophage struggles against the net.
You hit the necrophage.
The necrophage is severely damaged.
The necrophage struggles against the net.
You catch the helpless necrophage completely off-guard!
You hit the necrophage.
The necrophage is severely damaged.
The necrophage struggles against the net.
You hit the necrophage.
The necrophage is almost destroyed.
The necrophage struggles against the net.
The net rips apart, and the necrophage comes free!
You hit the necrophage.
The necrophage is almost destroyed.
You closely miss the necrophage.
The necrophage is almost destroyed.
The necrophage hits you.
* * * LOW HITPOINT WARNING * * *
You feel drained.
* * * LOW HITPOINT WARNING * * *
You hit the necrophage.
The necrophage is almost destroyed.
The necrophage completely misses you.
You hit the necrophage but do no damage.
The necrophage is almost destroyed.
The necrophage hits you.
You die...

#..#.##.#.###§...☼#####.....##.#
#.'.#......#.....### #.#...##.#
#).#......#...._....# #.##..##.#
..##.#...####.....#.# #.##†.##.#
###.....## #.....#.###.##..##.#
...##### ###.###.##.........#
#### #...(..#....##..####
####n##.###.##..# #@##.#.......#
#.......†....# ####.#.#.#####
#.#.#.# #..#.#.# #.##.#.# #.
#.#.# #. #.#.# #. #.#.#


You could see a necrophage.

Vanquished Creatures
  An adder (D:2)
  A worm (D:2)
  2 dart slugs
  8 endoplasms
  2 giant cockroaches
  6 goblins
  7 hobgoblins (D:1)
  3 jackals (D:2)
  4 kobolds
  3 ball pythons
  4 bats
  3 frilled lizards
  4 rats
48 creatures vanquished.

Notes
Turn   | Place    | Note
-------+----------+-------------------------------------------
     0 | D:1      | Naeght the Merfolk Gladiator began the quest for the Orb.
     0 | D:1      | Reached XP level 1. HP: 16/16 MP: 1/1
    36 | D:1      | Found a faded altar of an unknown god.
   249 | D:1      | Found Jeubae's Weapon Shoppe.
   258 | D:1      | Reached XP level 2. HP: 21/23 MP: 2/2
   401 | D:1      | Reached skill level 5 in Polearms
   729 | D:1      | Reached XP level 3. HP: 26/28 MP: 3/3
  2038 | D:3      | Reached XP level 4. HP: 34/34 MP: 4/4
  2046 | D:3      | Noticed a necrophage
  2279 | D:3      | Reached skill level 6 in Polearms
  2334 | D:3      | Found a stormy altar of Qazlal.
  2460 | D:3      | Slain by a necrophage

Illustrated notes

Levels and vault maps discovered:
D:1:      psy_arrival_spokes, layout_basic, serial_shops,
          nicolae_shop_waterfront, hellmonk_ecumenical_altar_run_dry
D:2:      layout_rooms, minivault_5
D:3:      layout_loops_ring, grunt_qazlal_clouds, kennysheep_small_spiral,
          chequers_garden, minmay_box_of_dots

Skill      XL: |  1  2  3  4 |
---------------+-------------+-----
Polearms       | 5 6 |  6.0
Fighting       | |  2.9
Throwing       | |  2.0
Dodging        | |  4.8

Action                   |  1- 3 |  4- 6 || total
-------------------------+-------+-------++-------
Melee: Trident           |    14 |       ||    14
       Spear             |   122 |    49 ||   171
Throw: Throwing net      |       |     2 ||     2
 Stab: Sleeping          |     4 |     2 ||     6
       Held in net/web   |       |     1 ||     1
Armor: Leather armour    |    18 |     2 ||    20
Dodge: Dodged            |    34 |    13 ||    47
